cohdb
Replays
Latest Replays
All Replays
Popular Replays
Top Player Replays
Match Explorer
How It Works
Community
CoH3 Stats
Reddit
Sign in to upload your games and track your stats! →
Sign in with Steam
Match 43941288
Unlisted
Match 43941288
Overview
Messages
Build Orders
End
Kettenkrad Recon Vehicle
Construct Infanterie Kompanie
MG 42 Machine Gun Team
Selects Breakthrough Battlegroup
Selects Assault Grenadiers
Grenadier Squad
Grenadier Squad
Construct Panzergrenadier Kompanie
Infanterie Officer Quarters
Medical Bunker
Grenadier Squad
Selects Smoke Bombing Run
Selects Mechanized Assault Group
Mechanized Assault Group
Support Elements
Smoke Bombing Run
Pak 40 Anti-tank Gun Team
Nebelwerfer 42 Rocket Launcher Team
StuG III G Assault Gun
Panzergrenadier Officer Quarters
Gatom
Lt' Aldo Raine
Zoni
Gringo_Killah1
markaren
Sponge_bobby
0
0
Comments
sign in to comment!
No comments posted yet!